 Dungeon Crawl Stone Soup version 0.30-a0-364-gf6b3ef1049 (webtiles) character file.

Game seed: 9703037835902332056

34 kae the Changer (level 3, -7/28 HPs)
             Began as a Draconian Transmuter on Nov 14, 2022.
             Mangled by Sigmund
             ... wielding a +2 vorpal scythe
              (11 damage)
             ... on level 2 of the Dungeon.
             The game lasted 00:02:09 (953 turns).

kae the Changer (Draconian Transmuter)               Turns: 953, Time: 00:02:09

Health: -7/28      AC:  5    Str: 12    XL:     3   Next: 14%
Magic:  5/6        EV: 12    Int: 15    God:
Gold:   41         SH:  0    Dex: 11    Spells: 1/7 levels left

rFire   . . .      SeeInvis .      - Unarmed
rCold   . . .      Faith    .    (no shield)
rNeg    . . .      Spirit   .    (body armour unavailable)
rPois   .          Reflect  .    (helmet restricted)
rElec   .          Harm     .    (no cloak)
rCorr   .          Rampage  .    (no gloves)
Will    .....                    (no boots)
Stlth   +.........               (no amulet)
HPRegen 0.24/turn                (no ring)
MPRegen 0.10/turn                (no ring)

@: invisible
A: AC +5, unfitting armour, cold-blooded
a: no special abilities


You were on level 2 of the Dungeon.
You visited 1 branch of the dungeon, and saw 2 of its levels.

You collected 41 gold pieces.


Innate Abilities, Weirdness & Mutations

Your plain brown scales are hard. (AC +5)
You cannot fit into any form of body armour.
You are cold-blooded and may be slowed by cold attacks.


   Skills:
 - Level 1.1 Fighting
 - Level 1.7 Dodging
 - Level 3.0 Unarmed Combat
 + Level 2.5 Spellcasting
 * Level 3.2 Transmutations


You had one spell level left.
You knew the following spells:

 Your Spells              Type           Power      Damage    Failure   Level
a - Beastly Appendage     Tmut           22%        N/A       5%          1
b - Wereblood             Tmut           11%        N/A       9%          2
c - Spider Form           Tmut/Pois      6%         N/A       32%         3

Your spell library contained the following spells:

 Spells                   Type           Power      Damage    Failure   Level
 Ice Form                 Ice/Tmut       6%         N/A       73%         4

Inventory:

Missiles
 d - 10 stones
Potions
 a - a potion of lignification {!q}

Dungeon Overview and Level Annotations

Branches:
Dungeon (2/15) Zot: 11049

Altars:

Annotations:
D:2 Sigmund

#.# #.# #.# #.#
####### #.# #...@.#
#.# #.###w#####.#
#..<†{....#.######
#########..........
#..........#####..
#.#...##.#.#
#.#.##...#
...#.###### ##.
#........


You could see a dart slug (unable to see you).


Message History

The kobold throws a stone.
The stone barely misses you. Something hits you.
The kobold hits you but does no damage.
You climb upwards.
Reactivating autopickup.
There is a stone staircase leading down here. 😮 HP[-8]
You take 8 damage, and now have 20/28 hp.
MASSIVE DAMAGE!! (PAUSE)
You miss the kobold. Your kick misses the kobold.
Your headbutt misses the kobold. The kobold closely misses you.
You closely miss the kobold.
The kobold hits you but does no damage. 😮 HP[+1] MP[+1]
Your mp is fully restored (6).
You barely miss the kobold. You claw the kobold, but do no damage.
The kobold hits you but does no damage.
You closely miss the kobold. You claw the kobold.
Your headbutt misses the kobold. The kobold hits you but does no damage.
You closely miss the kobold. Your kick misses the kobold.
The kobold barely misses you.
You hit the kobold.
You kill the kobold! 😕 HP[+1] Unknown command.
You start resting.
Your transformation is almost over. 😕 HP[+1]
You start resting.
Your horns disappear.
Your talons disappear. 😎 HP[+5]
Your hp is fully restored (28).
You aren't carrying any scrolls.
Unknown command.
This spell is extremely dangerous to cast!
Memorise Spider Form, consuming 3 spell levels and leaving 1?
You start memorising the spell.
You continue memorising. x3
You finish memorising.
Spell assigned to 'c'.
Okay, then.
Casting: Beastly Appendage (safe; 5% risk of failure)
Confirm with . or Enter, or press ? or * to list all spells.
The spell is extremely dangerous to miscast (32% risk of failure)!
Continue anyway? [Y]es or [N]o only, please.
The spell is extremely dangerous to miscast (32% risk of failure)!
Continue anyway?
You turn into a venomous arachnid creature. 😎 MP[-3]
You lost 3 mp, and now have 3/6 mp.
You climb downwards.
Level annotation: Sigmund
There is a stone staircase leading up, spattered with blood here.
Sigmund completely misses you.
You see here a jackal corpse.
You hit Sigmund. You barely miss Sigmund. Sigmund barely misses you.
You closely miss Sigmund. Sigmund completely misses you.
You barely miss Sigmund. You hit Sigmund.
Sigmund is poisoned.
Sigmund barely misses you. 😎 MP[+1]
You hit Sigmund but do no damage.
Your transformation has ended.
Sigmund gestures at you while chanting. You resist with significant effort.
You barely miss Sigmund. Sigmund gestures at you while chanting.
You resist with significant effort.
Unknown command.
You closely miss Sigmund. Sigmund casts a spell at you.
You are confused.
Sigmund closely misses you.
Unknown command.
You bump into the rock wall.
The dart slug misses you.
You hit the dart slug.
Sigmund hits you with a +2 vorpal scythe. 😕 HP[-2]
You take 2 damage, and now have 26/28 hp.
Unknown command.
You bump into the rock wall.
The dart slug barely misses you. Sigmund gestures at you while chanting.
The puff of flame hits you! 😮 HP[-10]
You take 10 damage, and now have 16/28 hp.
MASSIVE DAMAGE!! (PAUSE)
You bump into the rock wall.
The dart slug bites you but does no damage.
Sigmund hits you with a +2 vorpal scythe!
* * * LOW HITPOINT WARNING * * *
x2 😱 HP[-12]
You take 12 damage, and now have 4/28 hp.
MASSIVE DAMAGE!! (PAUSE) Unknown command.
You closely miss Sigmund.
Unknown command.
You feel less confused.
Sigmund mumbles some strange words.
Sigmund flickers and vanishes!
Deactivating autopickup; reactivate with Ctrl-A.
Unknown command.
It was a potion of invisibility.
You fade into invisibility!
Something hits you!
You die...

Skill      XL: |  1  2 |
---------------+-------+-----
Transmutations | 3 |  3.2
Fighting       | |  1.1
Dodging        | |  1.7
Unarmed Combat | |  3.0
Spellcasting   | |  2.5

Action                   || total
-------------------------++-------
Melee: Unarmed           ||    86
       Tailslap          ||    10
       Kick              ||     9
       Headbutt          ||     8
       Punch             ||     1
 Cast: Beastly Appendage ||    12
       Spider Form       ||     1
  Use: Scroll            ||     3
       Potion            ||     1
Armor: Skin              ||    31
Dodge: Dodged            ||    64

Levels and vault maps discovered:
D:1:      scummos_arrival_checkerplants, layout_loops_ring, serial_aquarium,
          aquarium_bridge_island_small [aquarium_subvault_small_open,
          aquarium_subvault_wall, aquarium_subvault_bridge,
          aquarium_subvault_bridge, aquarium_subvault_window],
          aquarium_window_fake, aquarium_window_fake, aquarium_window_fake,
          aquarium_window_1, aquarium_view_2d, aquarium_balcony_1a,
          aquarium_pool_five, minmay_pentomino_s4
D:2:      layout_basic, serial_rivers, chequers_serial_rivers_marsh,
          chequers_serial_rivers_marsh, chequers_serial_rivers_room_b,
          chequers_serial_rivers_small_3, chequers_serial_rivers_small_a,
          shapermc_ecumenical_altar_rom_forum, st_stairs_5, uniq_sigmund

Notes
Turn   | Place    | Note
-------+----------+-------------------------------------------
     0 | D:1      | kae the Draconian Transmuter began the quest for the Orb.
     0 | D:1      | Reached XP level 1. HP: 16/16 MP: 3/3
     0 | D:1      | magus.rc [v1.11.3]
   241 | D:1      | Reached XP level 2. HP: 18/23 MP: 5/5
   332 | D:1      | Learned a level 2 spell: Wereblood
   508 | D:1      | Reached skill level 3 in Transmutations
   851 | D:2      | Reached XP level 3. HP: 28/28 MP: 6/6
   879 | D:2      | Noticed Sigmund
   934 | D:1      | Learned a level 3 spell: Spider Form
   950 | D:2      | HP: 7/28 [Sigmund/+2 vorpal scythe (10)]
   953 | D:2      | Mangled by Sigmund

Vanquished Creatures
  2 dart slugs (D:1)
  2 ball pythons (D:1)
  A bat (D:1)
  4 goblins (D:1)
  2 hobgoblins (D:1)
  4 jackals (D:2)
  5 kobolds (D:1)
  2 quokkas (D:1)
  A frilled lizard (D:1)
  3 rats (D:1)
26 creatures vanquished.

Table legend:
 A = Non-vault XP
 B = Vault XP
 C = Vault XP percentage of total XP
 D = Non-vault monster count
 E = Vault monster count
 F = Vault count percentage of total count
                 A         B        C        D         E       F
            +---------+---------+-------+---------+---------+-------
      Total |      43 |       6 |  12.2 |      23 |       3 |  11.5
            +---------+---------+-------+---------+---------+-------
        D:1 |      35 |       6 |  14.6 |      19 |       3 |  13.6
        D:2 |       8 |       0 |   0.0 |       4 |       0 |   0.0
            +---------+---------+-------+---------+---------+-------

Illustrated notes

Table legend:
 A = Kills in this place as a percentage of kills in entire the game.
 B = Kills by you in this place as a percentage of kills by you in the entire game.
 C = Kills by friends in this place as a percentage of kills by friends in the entire game.
 D = Other kills in this place as a percentage of other kills in the entire game.
 E = Experience gained in this place as a percentage of experience gained in the entire game.
 F = Experience gained in this place divided by the number of levels of this place that you have seen.
                   A       B       C       D       E      F
               +-------+-------+-------+-------+-------+----------------------
         Total | 100.0 | 100.0 |   N/A |   N/A | 100.0 |  24.5
       Dungeon | 100.0 | 100.0 |   N/A |   N/A | 100.0 |  24.5
               +-------+-------+-------+-------+-------+----------------------

Table legend: (Time is in decaauts)
 A = Elapsed time spent in this place.
 B = Non-inter-level travel time spent in this place.
 C = Inter-level travel time spent in this place.
 D = Time resting spent in this place.
 E = Time spent auto-exploring this place.
 F = Levels seen in this place.
 G = Mean time per level.
                   A        B        C        D        E       F      G
               +--------+--------+--------+--------+--------+-----+--------+
         Total |    949 |    901 |     48 |     25 |    658 |   2 |  474.5 |
       Dungeon |    949 |    901 |     48 |     25 |    658 |   2 |  474.5 |
               +--------+--------+--------+--------+--------+-----+--------+

Top non-repeatable levels by time:
     D:1: 882 daAuts
     D:2: 67 daAuts
